 Dungeon Crawl Stone Soup version 0.18-a0-1164-g7046a04 (webtiles) character file.

102 mrath the Chopper (level 4, -5/39 HPs)
             Began as a Minotaur Fighter on Jan 26, 2016.
             Killed from afar by a white imp (11 damage)
             ... with a puff of frost
             ... summoned by Natasha
             ... on level 2 of the Dungeon.
             The game lasted 00:06:36 (1383 turns).

mrath the Chopper (Minotaur Fighter)                Turns: 1383, Time: 00:06:37

Health: -5/39      AC: 10    Str: 27    XL:     4   Next: 50%
Magic:  3/3        EV:  6    Int:  5    God:
Gold:   73         SH: 10    Dex:  9    Spells: 0 memorised, 3 levels left

rFire  . . .     SeeInvis .     a - +0 war axe
rCold  . . .     Gourm    .     e - +0 chain mail
rNeg   . . .     Faith    .     c - +0 shield
rPois  .         Spirit   .     (helmet restricted)
rElec  .         Dismiss  .     o - +0 cloak
rCorr  .         Reflect  .     (no gloves)
SustAt .         Harm     .     (no boots)
MR     .....                    (no amulet)
Stlth  ..........               (no ring)
                                (no ring)

@: mighty, slowed, very slow, not resistant to hostile enchantments, extremely
unstealthy
A: retaliatory headbutt, horns 2
a: no special abilities


You were on level 2 of the Dungeon.
You were not hungry.

You visited 1 branch of the dungeon, and saw 2 of its levels.

You collected 73 gold pieces.

Inventory:

Hand Weapons
 a - a +0 war axe (weapon)
 i - a +0 spear
 n - a +0 spear of distortion
Missiles
 l - 27 sling bullets
 s - 60 stones
 w - a javelin (quivered)
 x - 18 poisoned needles
Armour
 c - a +0 shield (worn)
 e - a +0 chain mail (worn)
 o - a +0 cloak (worn)
Wands
 q - a wand of slowing (22/48)
Scrolls
 b - a scroll of recharging {unknown}
 m - 2 scrolls of amnesia {unknown}
 p - a scroll of immolation {unknown}
 r - 2 scrolls of remove curse {unknown}
 t - a scroll of teleportation {unknown}
Potions
 j - a potion of flight {unknown}
 k - a potion of ambrosia {unknown}
 u - a potion of curing {unknown}
Comestibles
 f - a bread ration
 g - a slice of pizza
 h - 3 meat rations
 v - 4 chunks of flesh


   Skills:
 - Level 3.6 Fighting
 + Level 5.8 Axes
 - Level 3.6 Armour
 - Level 3.6 Shields


You had 3 spell levels left.
You didn't know any spells.

Dungeon Overview and Level Annotations

Branches:
Dungeon (2/15)

Altars:

Annotations:
D:2 Natasha


Innate Abilities, Weirdness & Mutations

You reflexively headbutt those who attack you in melee.
You have a pair of horns on your head.


Message History

* * * LOW HITPOINT WARNING * * *
The white imp hits you but does no damage.
You hit Natasha but do no damage. Your headbutt misses Natasha.
Natasha is lightly wounded.
You closely miss the crimson imp. You barely miss the white imp.
The white imp is heavily wounded.
The crimson imp hits you but does no damage.
Natasha claws you but does no damage. The white imp gestures at you.
The puff of frost hits you!
* * * LOW HITPOINT WARNING * * *
The crimson imp hits you but does no damage.
Natasha wildly gestures.
You feel troubled. You block Natasha's attack.
Drink which item? (? for menu, Esc to quit)
You feel very mighty all of a sudden. The white imp gestures at you.
The puff of frost hits you!
You die...

####### ### ##.....##
#.. ##...<...## #..
#.........# #..
#.........# #..
#...h.5...# ######..
#....@....# #.......
#....5....#####.####..
##$.............######
#..................###
#.....<...########..##
#.........# ##..#
#.........# #...
#.........# ........
##.......## ###.....


You could see Natasha, a crimson imp and a white imp.

Vanquished Creatures
  Terence (D:2)
  Natasha (twice) (D:2)
  2 giant geckos (D:1)
  A bat (D:2)
  2 giant cockroaches
  2 goblins (D:2)
  3 hobgoblins (D:1)
  2 kobolds (D:1)
  A giant newt (D:1)
  11 rats
27 creatures vanquished.

Notes
Turn   | Place    | Note
--------------------------------------------------------------
     0 | D:1      | mrath the Minotaur Fighter began the quest for the Orb.
     0 | D:1      | Reached XP level 1. HP: 19/19 MP: 0/0
   175 | D:1      | Reached XP level 2. HP: 26/26 MP: 1/1
   651 | D:1      | You fall through a shaft!
   731 | D:2      | Noticed Natasha
   745 | D:2      | Killed Natasha
   745 | D:2      | Reached skill level 4 in Axes
   745 | D:2      | Reached XP level 3. HP: 8/31 MP: 2/2
   909 | D:2      | Noticed Natasha
   919 | D:2      | Killed Natasha
   919 | D:2      | Reached skill level 5 in Axes
   919 | D:2      | Reached XP level 4. HP: 6/39 MP: 3/3
  1222 | D:2      | Noticed Terence
  1235 | D:2      | Killed Terence
  1373 | D:2      | Noticed Natasha
  1383 | D:2      | Killed from afar by a white imp

Vault maps used:
D:1:      dpeg_arrival_ratfight
D:2:      uniq_terence, uniq_natasha

Action                   |  1- 3 |  4- 6 || total
-------------------------+-------+-------++-------
Melee: War axe           |    55 |    16 ||    71
Throw: Stone             |       |     5 ||     5
       Javelin           |       |     2 ||     2
  Use: Potion            |       |     1 ||     1
  Eat: Chunk             |       |     2 ||     2
